 Dungeon Crawl Stone Soup version 0.23.2-40-g277498a001 (webtiles) character file.

Game seed: 1216965848137043139

174297 MisterOstroum the Unseen (level 18, -26/93 HPs)
             Began as a Vine Stalker Artificer on Sept 11, 2019.
             Was the Champion of Ashenzari.
             Killed from afar by a deep elf annihilator (44 damage)
             ... with an iron shot
             ... on level 3 of the Elven Halls on Sept 13, 2019.
             The game lasted 04:57:01 (35529 turns).

MisterOstroum the Unseen (Vine Stalker Artificer)  Turns: 35529, Time: 04:57:01

Health: -26/93     AC: 13    Str: 15    XL:     18   Next: 7%
Magic:  0/34       EV: 20    Int: 14    God:    Ashenzari [******]
Gold:   1710       SH:  7    Dex: 20    Spells: 1/39 levels left

rFire    . . .     SeeInvis +   S - +5 quick blade (elec)
rCold    . . .     Gourm    .   j - +0 buckler
rNeg     . . .     Faith    +   P - +5 robe of Night {Dark MR+ SInv}
rPois    .         Spirit   +   (no helmet)
rElec    .         Reflect  .   q - +2 cloak {MR+} (curse)
rCorr    .         Harm     .   E - +1 pair of gloves (curse)
MR       +++++     Clarity  +   a - +0 pair of boots {run}
Stlth    +++++++++.             n - amulet of faith
HPRegen  1.05/turn              o - ring of Shadows {Umbra +Inv Stlth+}
MPRegen  0.24/turn              m - ring of protection from magic

@: lethally poisoned (-26 -> -26), silence, wreathed by umbra, quick
A: fangs 3, regeneration 2, magic shield, antimagic bite, no potion heal 3, rot
immunity
a: Renounce Religion, Evoke Invisibility


You were on level 3 of the Elven Halls.
You worshipped Ashenzari.
Ashenzari was exalted by your worship.
You were not hungry.

You visited 6 branches of the dungeon, and saw 31 of its levels.
You visited 1 bazaar.
You also visited: Wizlab.

You collected 2202 gold pieces.
You spent 492 gold pieces at shops.

Inventory:

Hand Weapons
 S - a +5 quick blade of electrocution (weapon)
Missiles
 h - 694 stones (quivered)
 w - a throwing net {!f}
Armour
 a - a +0 pair of boots of running (worn)
 b - a +0 shield of poison resistance
 j - a +0 buckler (worn)
 q - a cursed +2 cloak of magic resistance (worn)
 z - the +3 hat of Pondering {ponderous, MR+ MP+10 Int+5}
   (You found it on level 7 of the Dungeon)

   It affects your intelligence (+5).
   It affects your resistance to hostile enchantments.
   It affects your magic capacity (+10).
 E - a cursed +1 pair of gloves (worn)
 P - the +5 robe of Night (worn) {Dark MR+ SInv}
   (You found it on level 7 of the Dungeon)

   It affects your resistance to hostile enchantments.
   It lets you see invisible.
Jewellery
 l - an uncursed ring of protection from fire
 m - a ring of protection from magic (right hand)
 n - an amulet of faith (around neck)
 o - the ring of Shadows (left hand) {Umbra +Inv Stlth+}
   (You found it on level 1 of the Elven Halls)

   [ring of stealth]

   It lets you turn invisible.
   It makes you more stealthy.
 R - an uncursed ring of protection from cold
Wands
 d - a wand of enslavement (12)
 i - a wand of clouds (6)
 r - a wand of random effects (32)
 M - a wand of iceblast (4)
 Q - a wand of scattershot (1)
 U - a wand of disintegration (22)
 V - a wand of acid (6)
 W - a wand of polymorph (34)
 Z - a wand of paralysis (22)
Scrolls
 c - a scroll of remove curse {@r2}
 f - a scroll of acquirement
 p - 10 scrolls of teleportation {@r3 !r}
 x - 2 scrolls of fog {!r}
 y - a scroll of blinking {@r4}
 C - 6 scrolls of magic mapping {@r5 !r}
 H - 7 scrolls of fear {!r}
 I - a scroll of immolation
 L - a scroll of summoning
Potions
 g - 3 potions of ambrosia
 k - 12 potions of curing {@q1 !q}
 u - 5 potions of brilliance
 v - 4 potions of berserk rage
 A - 4 potions of resistance
 B - 5 potions of haste {@q4 !q}
 D - 3 potions of flight
 F - 3 potions of magic
 G - 3 potions of agility {@q5 !q}
 J - 3 potions of mutation
 K - 2 potions of cancellation
 N - 4 potions of lignification {@q6}
 O - 5 potions of might {@q3 !q}
 X - a potion of invisibility
Miscellaneous
 T - a lightning rod (4/4)
 Y - a sack of spiders
Comestibles
 e - 38 rations
 s - 8 chunks of flesh


   Skills:
 - Level 10.0 Fighting
 - Level 10.7 Short Blades
 - Level 9.7 Dodging
 - Level 16.1 Stealth
 + Level 8.5 Shields
 - Level 11.0 Spellcasting
 - Level 8.1 Conjurations
 - Level 8.6 Hexes
 - Level 5.5 Summonings
 - Level 1.8 Translocations
 - Level 8.1 Air Magic
 - Level 9.7 Evocations


You had one spell level left.
You knew the following spells:

 Your Spells              Type           Power        Failure   Level  Hunger
a - Slow                  Hex            ####....     1%          2    None
b - Summon Lightning Spi  Summ/Air       ####....     6%          4    ###....
c - Confuse               Hex            ####....     1%          3    None
e - Lightning Bolt        Conj/Air       ####......   10%         5    #####..
f - Apportation           Tloc           ##....       4%          1    None
h - Conjure Ball Lightni  Conj/Air       ####......   45%         6    ######.
A - Animate Skeleton      Necr           N/A          10%         1    None
C - Confusing Touch       Hex            ####..       1%          1    None
F - Cause Fear            Hex            ####......   2%          4    ###....
M - Summon Small Mammal   Summ           ###.         1%          1    None
S - Silence               Hex/Air        ####......   9%          5    #####..
V - Summon Mana Viper     Hex/Summ       ####....     14%         5    #####..

Your spell library contained the following spells:

 Spells                   Type           Power        Failure   Level  Hunger
 Corona                   Hex            ####...      1%          1    None
 Shock                    Conj/Air       ####         1%          1    None
 Static Discharge         Conj/Air       ####....     1%          3    None
 Poisonous Vapours        Pois/Air       ###...       2%          2    None
 Swiftness                Chrm/Air       ###.....     2%          2    None
 Mephitic Cloud           Conj/Pois/Air  ###.....     3%          3    None
 Portal Projectile        Hex/Tloc       ###...       3%          3    None
 Airstrike                Air            ####......   3%          4    ###....
 Inner Flame              Hex/Fire       ###.....     4%          3    None
 Conjure Flame            Conj/Fire      ###.....     5%          3    None
 Recall                   Summ/Tloc      N/A          6%          3    None
 Gell's Gravitas          Tloc           ##........   13%         3    None
 Leda's Liquefaction      Hex/Erth       ###.......   16%         4    ###....
 Metabolic Englaciation   Hex/Ice        ###.......   41%         5    #####..
 Yara's Violent Unravell  Hex/Tmut       ###.......   41%         5    #####..
 Petrify                  Tmut/Erth      #.......     67%         4    ###....
 Freezing Cloud           Conj/Ice/Air   ###.......   85%         6    ######.
 Deflect Missiles         Chrm/Air       ###.......   95%         6    ######.
 Ring of Flames           Chrm/Fire      #.........   100%        7    #######
 Summon Hydra             Summ           ###.......   100%        7    #######
 Ignition                 Fire           #.........   100%        8    #######
 Shatter                  Erth           #.........   100%        9    #######
 Tornado                  Air            ####......   100%        9    #######


Dungeon Overview and Level Annotations

Branches:
Dungeon (14/15)            Temple (0/1) D:6            Lair (5/6) D:10
  Swamp (3/4) Lair:4        Snake (4/4) Lair:4        Slime (0/5) Lair:5
    Orc (2/2) D:12            Elf (3/3) Orc:2        Vaults (0/5) D:13

Altars:
Ashenzari
Elyvilon
Fedhas
Nemelex Xobeh
Qazlal
Ru
Vehumet
Wu Jian
Zin
The Shining One

Shops:
D:9 }   D:10 :   D:13 %   Orc:2 =}[(   Elf:3 ==   Snake:1 *   Snake:4 :

Annotations:
D:7 exclusions: 2 doors, downstairs, 3 gnolls and gnoll sergeant
D:10 exclusion: fire dragon
D:14 3 runed translucent doors, Cykl0x's ghost, journeyman FoFi
Lair:3 exclusion: 3 oklob plants
Lair:4 exclusions: 3 death yaks, elephant and sensed monster (detected)
Swamp:1 3 runed translucent doors, harness's ghost, journeyman FeVM
Snake:3 1 runed translucent door
Elf:1 exclusions: 2 harpies, hell beast, 2 hell hounds, hydra, 2 manticores and 3 sensed monsters (detected)
Elf:2 3 runed translucent doors, exclusion: 3 doors


Innate Abilities, Weirdness & Mutations

You have razor-sharp teeth.
You heal very quickly.
When hurt, damage is shared between your health and your magic reserves.
Your bite disrupts and absorbs the magic of your enemies.
Potions cannot restore your health.
You are immune to rotting.


Message History

Lightning courses through the deep elf master archer!
The deep elf master archer is severely wounded.
Your mana viper closely misses the deep elf master archer.
You hit the deep elf master archer.
The deep elf master archer is severely wounded.
The deep elf master archer shoots an arrow.
The arrow closely misses you.
You hit the deep elf master archer.
The deep elf master archer is severely wounded.
Your mana viper bites the deep elf master archer.
You strike the helpless deep elf master archer from behind!
You stick the deep elf master archer like a pincushion!!!
You kill the deep elf master archer!
Things that are here:
a +0 longbow; 41 arrows; a +0 leather armour You barely miss the deep elf annihilator.
Your mana viper bites the deep elf annihilator!
The deep elf annihilator's magic leaks into the air.
You closely miss the deep elf annihilator.
You bite the deep elf annihilator.
The deep elf annihilator's magic leaks into the air.
You drain its magic.
You feel invigorated.
The deep elf annihilator is lightly wounded.
You hit the deep elf annihilator but do no damage.
The deep elf annihilator is lightly wounded.
Your mana viper barely misses the deep elf annihilator.
The deep elf annihilator hits you but does no damage.
You closely miss the deep elf annihilator.
The deep elf annihilator is lightly wounded.
You hit the deep elf annihilator.
Lightning courses through the deep elf annihilator!
The deep elf annihilator is moderately wounded.
You closely miss the deep elf annihilator.
You bite the deep elf annihilator!
The deep elf annihilator's magic leaks into the air.
You drain its magic.
You feel invigorated.
The deep elf annihilator is heavily wounded.
Your mana viper misses the deep elf annihilator.
You closely miss the deep elf annihilator.
Your bite misses the deep elf annihilator.
The deep elf annihilator is heavily wounded.
The deep elf annihilator closely misses you.
You hit the deep elf annihilator.
Lightning courses through the deep elf annihilator!
You bite the deep elf annihilator.
The deep elf annihilator's magic leaks into the air.
You drain its magic.
The deep elf annihilator is severely wounded.
Your mana viper bites the deep elf annihilator but does no damage.
You puncture the deep elf annihilator!
Lightning courses through the deep elf annihilator!
You kill the deep elf annihilator!
A deep elf annihilator comes into view. It is wielding a +0 rapier.
You miss the deep elf annihilator. You hit the deep elf annihilator.
Your bite misses the deep elf annihilator.
The deep elf annihilator is lightly wounded.
Your mana viper bites the deep elf annihilator!
The deep elf annihilator's magic leaks into the air.
You miss the deep elf annihilator.
The deep elf annihilator is moderately wounded.
Your mana viper disappears in a puff of smoke!
The deep elf annihilator gestures at you while chanting.
The crystal spear hits you!!
You barely miss the deep elf annihilator.
You bite the deep elf annihilator, but do no damage.
The deep elf annihilator is moderately wounded.
The deep elf annihilator gestures at you while chanting.
The bolt of lightning misses you. x2
The deep elf annihilator gestures at you while chanting.
The poison arrow hits you.
You are poisoned.
Your hearing returns.
You feel sick.
The deep elf annihilator points at you and mumbles some strange words.
The bolt of lightning hits you!!
You feel sick.
You feel sick.
You feel sick.
You feel sick.
You see here an uncursed arbalest.
You feel sick.
You feel sick.
You feel sick.
You feel sick.
You feel sick.
You feel sick.
You feel sick.
You feel sick.
Casting: Silence (slightly dangerous; 9% risk of failure)
Confirm with . or Enter, or press ? or * to list all spells.
A profound silence engulfs you.
You feel sick.
The deep elf annihilator gestures at you while chanting.
The bolt of lightning hits you!!!
* * * LOW HITPOINT WARNING * * *
You feel sick.
You feel sick.
The deep elf annihilator gestures at you while chanting.
The iron shot hits you!!!
You die...

#...)...# #....)....#.###.#
#.......# #.##...##.......# ,
........###)##...##.......# *
###........e#######.#...#.# **
#....####.# #.......# #....# #.#
#.......#
###....####.#######.......#
....................#.....#
............∩e..@.........#######
.................................
###....###.........###..(.#######
##...# ##.......####.#.## #...#
##.....#........# #...#
##...##.#......# ###.#
#∩............# #.#
###..##.........# #.#
##....##.........#


You could see a deep elf annihilator.

Vanquished Creatures
  Nikola (Snake:1)
  A Cloud Mage (WizLab)
  Jorgrun (Swamp:2)
  A deep elf master archer (Elf:3)
  A thorn hunter (Swamp:3)
  Donald (Swamp:2)
  3 nagarajas
  2 deep elf elementalists (Elf:3)
  A deep elf demonologist (Elf:1)
  Nessos (D:13)
  A deep elf annihilator (Elf:3)
  2 spark wasps (WizLab)
  A blizzard demon (WizLab)
  A deep elf high priest (Elf:3)
  Fannar (Orc:1)
  Harold (D:11)
  A rakshasa (WizLab)
  6 hydras
  2 naga warriors
  2 spriggan air magi (WizLab)
  5 shambling mangroves
  A centaur warrior (D:13)
  3 ghost crabs
  9 dancing weapons
  5 anacondas
  5 alligators
  3 two-headed ogres
  An orc high priest (Orc:2)
  10 naga sharpshooters
  Urug (D:13)
  3 spriggans
  2 salamander mystics (Snake:2)
  10 shock serpents
  2 deep elf knights (Elf:2)
  An unseen horror (D:13)
  6 death drakes (WizLab)
  5 deep elf archers
  5 swamp dragons
  A spriggan druid (Swamp:3)
  2 naga ritualists (Snake:2)
  3 orc knights
  29 deep elf magi
  An oklob plant (D:14)
  4 orc sorcerers (Orc:2)
  5 ugly things
  2 manticores
  4 cyclopes
  3 mana vipers
  8 salamanders
  2 centaur zombies (D:12)
  Maurice (D:9)
  27 black mambas
  An apocalypse crab (WizLab)
  2 guardian serpents
  6 elephants
  13 naga magi
  Psyche (D:10)
  13 spiny frogs
  2 centaur skeletons (D:14)
  2 rime drakes
  An efreet (D:14)
  7 komodo dragons
  7 trolls
  A wind drake (WizLab)
  A polar bear (shapeshifter) (Elf:1)
  2 tengu conjurers (D:14)
  11 tyrant leeches
  Prince Ribbit (D:7)
  9 hornets
  14 blink frogs
  2 polar bears
  8 bog bodies
  3 hippogriffs
  29 slime creatures
  A hippogriff (shapeshifter) (D:12)
  A centaur simulacrum (D:14)
  16 air elementals
  5 water elementals
  4 shadows
  2 wraiths (D:13)
  2 wyverns
  2 hungry ghosts
  3 fire elementals
  15 humans (D:13)
  19 yaks
  9 sky beasts
  A basilisk (Lair:5)
  20 vampire mosquitoes
  27 nagas
  12 insubstantial wisps
  3 wargs (Orc:2)
  7 swamp worms
  2 acid dragons (D:13)
  A soldier ant (D:13)
  10 water moccasins
  5 swamp drakes
  22 orc warriors
  7 porcupines
  5 ice beasts
  2 eyes of draining
  2 phantoms
  A necrophage (D:11)
  2 ogres
  3 centaurs (D:13)
  2 wolves
  11 crocodiles
  A big kobold (D:10)
  15 bullfrogs
  A wyvern zombie (D:8)
  2 earth elementals (Elf:2)
  21 killer bees
  3 troll skeletons (Swamp:1)
  4 electric eels
  11 howler monkeys
  A bullfrog zombie (D:11)
  3 crimson imps
  A quasit (D:14)
  5 hounds
  2 jellies (Lair:5)
  21 orc priests
  31 orc wizards
  6 iguanas
  5 bullfrog skeletons
  A gnoll shaman (D:4)
  Ijyb (D:3)
  9 worker ants
  2 hound skeletons
  2 worker ant zombies
  12 gnolls
  A howler monkey skeleton (D:9)
  5 adders
  A hound simulacrum (D:11)
  2 shadow imps
  3 white imps (D:11)
  2 worker ant simulacra (D:11)
  2 ufetubi (D:11)
  4 oozes
  2 adder zombies
  4 dart slugs
  5 leopard geckos
  68 orcs
  8 bats
  3 giant cockroaches
  8 hobgoblins
  15 jackals
  4 quokkas
  6 ball pythons
  9 frilled lizards
  5 goblins
  A jackal zombie (D:9)
  12 kobolds
  A leopard gecko skeleton (D:5)
  4 rats
  A fungus (Lair:4)
  4 plants (Lair:2)
900 creatures vanquished.

Vanquished Creatures (collateral kills)
  A deep elf death mage (Elf:3)
  A hydra (Swamp:2)
  A dancing weapon (Elf:2)
  A shock serpent (Snake:3)
  A death drake (WizLab)
  3 deep elf magi (Elf:1)
  An orc sorcerer (Orc:2)
  An apocalypse crab (WizLab)
  A black mamba (Snake:2)
  A gargoyle (D:10)
  A centaur skeleton (D:14)
  A tyrant leech (Swamp:1)
  A blink frog (Lair:3)
  A bog body (Lair:4)
  A hornet (Swamp:2)
  3 spriggans
  A wyvern (D:14)
  4 yaks
  2 vampire mosquitoes
  Menkaure (D:6)
  5 nagas
  3 swamp worms
  2 swamp drakes
  7 orc warriors (Orc:2)
  A necrophage (D:10)
  An ogre (Orc:2)
  A centaur (D:13)
  A bullfrog (Lair:4)
  An earth elemental (Elf:2)
  A wyvern skeleton (D:14)
  A killer bee (D:7)
  4 orc priests (Orc:2)
  5 orc wizards (Orc:2)
  2 gnolls
  17 orcs
80 creatures vanquished.

Vanquished Creatures (others)
  A deep elf mage (Elf:2)
  2 ball lightnings (Elf:2)
  2 bullfrogs
  A sky beast (D:6)
  A fungus (Lair:3)
  11 plants
18 creatures vanquished.

Grand Total: 998 creatures vanquished

Notes
Turn   | Place    | Note
-------+----------+-------------------------------------------
     0 | D:1      | MisterOstroum the Vine Stalker Artificer began the quest
                  | for the Orb.
     0 | D:1      | Reached XP level 1. HP: 9/9 MP: 3/3
     8 | D:1      | Reached skill level 1 in Short Blades
    21 | D:1      | Reached skill level 1 in Fighting
   316 | D:1      | Reached skill level 2 in Stealth
   348 | D:1      | Reached XP level 2. HP: 14/14 MP: 5/5
   563 | D:1      | Reached skill level 3 in Stealth
   586 | D:1      | Reached XP level 3. HP: 18/18 MP: 6/6
  1700 | D:2      | Gained mutation: Your natural rate of healing is unusually
                  | fast. [Vine Stalker growth]
  1700 | D:2      | Reached XP level 4. HP: 23/23 MP: 7/7
  2424 | D:2      | Reached skill level 4 in Stealth
  2466 | D:3      | Found a shattered altar of Ashenzari.
  2564 | D:3      | Reached XP level 5. HP: 26/27 MP: 8/8
  2709 | D:3      | Became a worshipper of Ashenzari the Shackled
  3158 | D:3      | Noticed Ijyb
  3174 | D:3      | Killed Ijyb
  3174 | D:3      | Reached skill level 1 in Spellcasting
  3180 | D:3      | Reached XP level 6. HP: 23/32 MP: 5/9
  3918 | D:4      | Found an ornate altar of the Wu Jian Council.
  4305 | D:4      | Reached XP level 7. HP: 37/37 MP: 11/11
  4745 | D:5      | Entered Level 5 of the Dungeon
  4834 | D:5      | Reached * piety under Ashenzari
  4995 | D:5      | Reached skill level 1 in Shields
  5400 | D:5      | Gained mutation: You have razor-sharp teeth. [Vine Stalker
                  | growth]
  5400 | D:5      | Reached XP level 8. HP: 42/42 MP: 13/13
  5581 | D:6      | Found a glowing golden altar of the Shining One.
  5637 | D:6      | Reached skill level 5 in Stealth
  5847 | D:6      | Found a sacrificial altar of Ru.
  5868 | D:6      | Noticed Menkaure
  5984 | D:6      | Reached ** piety under Ashenzari
  6046 | D:6      | Killed Menkaure
  6091 | D:6      | Found a sparkling altar of Nemelex Xobeh.
  6112 | D:6      | Found a staircase to the Ecumenical Temple.
  6411 | D:7      | Noticed Prince Ribbit
  6431 | D:7      | Noticed a hippogriff
  6435 | D:7      | Killed a hippogriff
  6449 | D:7      | Noticed a yak
  6528 | D:7      | Found the +5 robe of Night {Dark MR+ SInv}
  6878 | D:7      | Reached skill level 5 in Short Blades
  6878 | D:7      | Reached XP level 9. HP: 46/46 MP: 16/16
  6888 | D:7      | Reached skill level 5 in Fighting
  7030 | D:7      | Killed Prince Ribbit
  7030 | D:7      | Reached skill level 5 in Spellcasting
  7052 | D:7      | Found the +3 hat of Pondering {ponderous, MR+ MP+10 Int+5}
  7513 | D:7      | Found a white marble altar of Elyvilon.
  7606 | D:8      | Found a glowing silver altar of Zin.
  8082 | D:8      | Found a stormy altar of Qazlal.
  8435 | D:9      | Reached *** piety under Ashenzari
  8468 | D:9      | Noticed Maurice
  8482 | D:9      | Killed Maurice
  8556 | D:9      | Reached XP level 10. HP: 53/53 MP: 20/20
  8569 | D:9      | Found a radiant altar of Vehumet.
  8761 | D:9      | Found Haliq's Gadget Shop.
  8877 | D:9      | Reached skill level 6 in Stealth
  9028 | D:10     | Entered Level 10 of the Dungeon
  9174 | D:10     | Found Udovaxt's Book Boutique.
  9180 | D:10     | Bought a book of Cantrips for 200 gold pieces
  9182 | D:10     | Learned a level 1 spell: Animate Skeleton
  9184 | D:10     | Learned a level 1 spell: Apportation
  9186 | D:10     | Learned a level 1 spell: Confusing Touch
  9188 | D:10     | Learned a level 1 spell: Summon Small Mammal
  9197 | D:10     | Noticed a two-headed ogre
  9236 | D:10     | Killed a two-headed ogre
  9236 | D:10     | Reached skill level 7 in Stealth
  9236 | D:10     | Reached skill level 1 in Hexes
  9236 | D:10     | Reached skill level 5 in Evocations
  9487 | D:10     | Reached XP level 11. HP: 34/56 MP: 16/21
  9536 | D:10     | Noticed a fire dragon
  9613 | D:10     | Found the +12 glaive of Prune {chop}
  9614 | D:10     | Noticed Psyche
  9619 | D:10     | Killed Psyche
  9860 | D:9      | Reached skill level 8 in Stealth
  9933 | D:10     | Reached skill level 1 in Summonings
 10031 | D:10     | Noticed a six-headed hydra
 10037 | D:10     | Killed a six-headed hydra
 10265 | D:10     | Found a staircase to the Lair.
 10691 | D:11     | Noticed Harold
 10765 | D:11     | Noticed a cyclops
 10765 | D:11     | Noticed a cyclops
 10844 | Lair:1   | Entered Level 1 of the Lair of Beasts
 10848 | Lair:1   | Reached **** piety under Ashenzari
 11336 | Lair:1   | Noticed an eight-headed hydra
 11356 | Lair:1   | Killed an eight-headed hydra
 11356 | Lair:1   | Reached skill level 5 in Dodging
 12031 | Lair:2   | Reached skill level 9 in Stealth
 13004 | Lair:3   | Reached skill level 10 in Stealth
 13159 | Lair:3   | Reached skill level 1 in Translocations
 13180 | Lair:3   | Reached ***** piety under Ashenzari
 13247 | Lair:3   | Gained mutation: You heal very quickly. [Vine Stalker
                  | growth]
 13247 | Lair:3   | Reached XP level 12. HP: 63/63 MP: 22/22
 13978 | Lair:3   | Found a blossoming altar of Fedhas.
 14372 | Lair:4   | Identified the +2 robe of Vaqobb {-Tele rF+++ Int+7}
 14414 | Lair:4   | Noticed a death yak
 14418 | Lair:4   | Noticed a death yak
 14418 | Lair:4   | Noticed a death yak
 14653 | Lair:4   | Found a staircase to the Snake Pit.
 14694 | Lair:4   | Found a staircase to the Swamp.
 15622 | Lair:4   | Reached XP level 13. HP: 70/70 MP: 27/27
 15716 | Lair:4   | Identified the +1 leather armour of Failure {rPois rF+}
 15716 | Lair:4   | Identified the cursed +0 leather armour "Anicw" {Int+3}
 16399 | Lair:5   | Reached ****** piety under Ashenzari
 16420 | Lair:5   | Found a staircase to the Slime Pits.
 16741 | D:10     | Identified the +1 leather armour of Failure {rPois rF+}
 17250 | D:11     | Killed Harold
 17375 | D:12     | Found a flickering gateway to a bazaar.
 17400 | Bazaar   | Entered a bazaar
 17414 | Bazaar   | Found Kix Gywk's Armour Emporium.
 17414 | Bazaar   | Found Plog's Food Shoppe.
 17435 | Bazaar   | Found Ciemn's Food Shoppe.
 17450 | Bazaar   | Found Kuniekuu's Weapon Emporium.
 17465 | Bazaar   | Found Icassay's Antique Weapon Emporium.
 17465 | Bazaar   | Found Orghuqi's Distillery.
 17507 | Bazaar   | Bought 2 potions of curing for 66 gold pieces
 17507 | Bazaar   | Bought a potion of degeneration for 11 gold pieces
 17507 | Bazaar   | Bought a potion of curing for 33 gold pieces
 17507 | Bazaar   | Bought a potion of curing for 33 gold pieces
 17514 | Bazaar   | Bought a glowing dagger for 110 gold pieces
 17687 | D:12     | Found a staircase to the Orcish Mines.
 17711 | D:12     | Reached skill level 10 in Fighting
 18388 | D:13     | Reached skill level 5 in Hexes
 18565 | D:13     | Reached skill level 11 in Stealth
 18600 | D:13     | Found Zextahal's Food Boutique.
 19072 | D:13     | Noticed Urug
 19121 | D:13     | Killed Urug
 19218 | D:13     | Reached XP level 14. HP: 77/77 MP: 28/28
 19234 | D:13     | Found a gate to the Vaults.
 19234 | D:13     | Noticed Nessos
 19247 | D:13     | Killed Nessos
 19750 | D:14     | Found a white marble altar of Elyvilon.
 19862 | D:14     | Noticed Cykl0x's ghost (journeyman FoFi)
 19945 | D:14     | Identified the +9 long sword of the Abyss {antimagic, rC++}
 20181 | D:14     | Found a runed translucent gate.
 20182 | D:14     | Found a runed translucent gate.
 20183 | D:14     | Found a runed translucent gate.
 20508 | Orc:1    | Entered Level 1 of the Orcish Mines
 20530 | Orc:1    | Noticed Fannar
 20617 | Orc:1    | Killed Fannar
 21015 | Orc:2    | Entered Level 2 of the Orcish Mines
 21247 | Snake:1  | Entered Level 1 of the Snake Pit
 21328 | Snake:1  | Reached skill level 12 in Stealth
 21350 | Snake:1  | Noticed Nikola
 21380 | Snake:1  | Killed Nikola
 21750 | Snake:1  | Found Usec's General Store.
 21865 | Snake:1  | Reached skill level 13 in Stealth
 22481 | Snake:2  | Reached XP level 15. HP: 80/80 MP: 29/29
 22485 | Snake:2  | Noticed a nagaraja
 22639 | Snake:2  | Killed a nagaraja
 22639 | Snake:2  | Reached skill level 14 in Stealth
 22639 | Snake:2  | Reached skill level 5 in Shields
 22887 | Snake:2  | Reached skill level 10 in Short Blades
 23356 | Snake:2  | Reached skill level 15 in Stealth
 23414 | Snake:2  | Learned a level 5 spell: Silence
 23419 | Snake:2  | Learned a level 4 spell: Summon Lightning Spire
 23664 | Snake:2  | Reached skill level 1 in Air Magic
 23974 | Snake:3  | Found a runed translucent door.
 24479 | Snake:3  | Noticed a nagaraja
 24484 | Snake:3  | Killed a nagaraja
 24523 | Snake:3  | Noticed a nagaraja
 24538 | Snake:3  | Killed a nagaraja
 25178 | Snake:4  | Entered Level 4 of the Snake Pit
 25424 | Snake:4  | Found Cangoxoch's Book Shop.
 25899 | Snake:1  | Bought a scroll of remove curse for 39 gold pieces
 25963 | Swamp:1  | Entered Level 1 of the Swamp
 25963 | Swamp:1  | Found a runed translucent gate.
 25963 | Swamp:1  | Found a runed translucent gate.
 25963 | Swamp:1  | Found a runed translucent gate.
 26028 | Swamp:1  | Noticed harness's ghost (journeyman FeVM)
 26082 | Swamp:1  | Reached XP level 16. HP: 85/85 MP: 30/30
 26154 | Swamp:1  | Reached skill level 10 in Spellcasting
 26218 | Swamp:1  | Reached skill level 5 in Summonings
 26445 | Swamp:1  | Reached skill level 5 in Air Magic
 26640 | Swamp:1  | Reached skill level 16 in Stealth
 27323 | Swamp:2  | Noticed Donald
 27326 | Swamp:2  | Killed Donald
 27843 | Swamp:2  | Noticed Jorgrun
 27852 | Swamp:2  | Killed Jorgrun
 28075 | Swamp:2  | Learned a level 2 spell: Slow
 28199 | Swamp:2  | Identified the +1 mace "Duuwobbo" {drain, rF+}
 28571 | Swamp:3  | Learned a level 3 spell: Confuse
 28592 | Swamp:3  | Noticed a thorn hunter
 29485 | Swamp:3  | Killed a thorn hunter
 30055 | Orc:2    | Learned a level 5 spell: Lightning Bolt
 30253 | Orc:2    | Found a staircase to the Elven Halls.
 30271 | Orc:2    | Reached skill level 1 in Conjurations
 30564 | Orc:2    | Reached XP level 17. HP: 89/89 MP: 31/32
 30815 | Orc:2    | Found Equgig's Antique Armour Emporium.
 30815 | Orc:2    | Found Messakhu's Jewellery Shoppe.
 30822 | Orc:2    | Found Dyr Inob's Gadget Shoppe.
 30828 | Orc:2    | Found Pom Sun's Antique Weapon Emporium.
 31244 | Orc:2    | Learned a level 4 spell: Cause Fear
 31251 | Orc:2    | Learned a level 6 spell: Conjure Ball Lightning
 31289 | Elf:1    | Entered Level 1 of the Elven Halls
 31428 | Elf:1    | Found a magical portal.
 31443 | WizLab   | Entered The Chambers of the Cloud Mage
 31779 | WizLab   | Reached skill level 5 in Conjurations
 32303 | WizLab   | Noticed Jynuekk
 32325 | WizLab   | Killed Jynuekk the Cloud Mage
 32354 | WizLab   | Identified a +0 pair of boots of running
 32361 | WizLab   | Identified the Guide on Feathers
 32725 | Elf:1    | Found the ring of Shadows {Umbra +Inv Stlth+}
 33031 | Elf:1    | Identified Sif Muna's Reference Book on the Escort
 34053 | Elf:1    | Learned a level 5 spell: Summon Mana Viper
 34115 | Elf:2    | Identified a scroll of acquirement
 34255 | Elf:2    | Found a runed translucent gate.
 34255 | Elf:2    | Found a runed translucent gate.
 34256 | Elf:2    | Found a runed translucent gate.
 35273 | Elf:3    | Entered Level 3 of the Elven Halls
 35357 | Elf:3    | Found Vufel's Jewellery Shop.
 35358 | Elf:3    | Found Qupavuets's Jewellery Shoppe.
 35464 | Elf:3    | Noticed a deep elf master archer
 35478 | Elf:3    | Reached XP level 18. HP: 91/93 MP: 34/34
 35488 | Elf:3    | Killed a deep elf master archer
 35529 | Elf:3    | Killed from afar by a deep elf annihilator

Skill      XL: |  1  2  3  4  5  6  7  8  9 10 11 12 13 14 15 16 17 |
---------------+----------------------------------------------------+-----
Short Blades   | 1 2 3 4 5 6 8 9 10 | 10.7
Fighting       | 1 2 3 4 6 7 8 10 | 10.0
Stealth        | 2 3 4 5 7 10 11 13 15 16 | 16.1
Evocations     | 3 5 6 9 |  9.7
Spellcasting   | 1 2 3 4 6 9 10 11 | 11.0
Shields        | 2 3 4 5 8 |  8.5
Dodging        | 3 4 5 6 7 9 |  9.7
Hexes          | 2 3 4 7 8 |  8.6
Summonings     | 2 4 5 |  5.5
Translocations | 1 |  1.8
Air Magic      | 4 5 8 |  8.1
Conjurations   | 1 8 |  8.1

Action                   |  1- 3 |  4- 6 |  7- 9 | 10-12 | 13-15 | 16-18 || total
-------------------------+-------+-------+-------+-------+-------+-------++-------
Melee: Short sword       |    63 |       |       |       |       |       ||    63
       Bite              |    24 |    49 |   157 |   329 |   522 |   397 ||  1478
       Spear             |    32 |     2 |       |     1 |       |       ||    35
       Dagger            |    28 |   187 |   435 |   754 |   816 |       ||  2220
       Rapier            |       |       |       |       |   444 |   951 ||  1395
       Quick blade       |       |       |       |       |       |    45 ||    45
Throw: Stone             |     7 |     2 |     3 |     4 |     8 |    49 ||    73
       Tomahawk          |       |       |       |     1 |       |       ||     1
       Javelin           |       |       |       |       |     5 |     1 ||     6
 Cast: Confusing Touch   |       |       |       |    57 |   171 |    46 ||   274
       Animate Skeleton  |       |       |       |    17 |    17 |       ||    34
       Summon Small Mamm |       |       |       |     9 |     2 |     1 ||    12
       Apportation       |       |       |       |       |     1 |     1 ||     2
       Summon Lightning  |       |       |       |       |     4 |    70 ||    74
       Confuse           |       |       |       |       |       |    69 ||    69
       Lightning Bolt    |       |       |       |       |       |     1 ||     1
       Slow              |       |       |       |       |       |     1 ||     1
       Silence           |       |       |       |       |       |    11 ||    11
       Summon Mana Viper |       |       |       |       |       |     3 ||     3
       Cause Fear        |       |       |       |       |       |     1 ||     1
       Conjure Ball Ligh |       |       |       |       |       |     1 ||     1
Invok: Curse Item        |       |     4 |     1 |     2 |     5 |       ||    12
       Scrying           |       |       |     1 |       |       |       ||     1
Evoke: Wand              |     7 |     9 |    27 |     7 |     6 |    33 ||    89
       Lightning rod     |       |       |       |       |       |     1 ||     1
  Use: Scroll            |       |       |    10 |     5 |    20 |    10 ||    45
       Potion            |       |       |       |       |     1 |     6 ||     7
 Stab: Sleeping          |     6 |    19 |     9 |    36 |    48 |    49 ||   167
       Distracted        |       |     1 |     1 |     1 |     9 |    23 ||    35
       Confused          |       |     1 |       |    40 |   135 |    58 ||   234
       Paralysed         |       |       |       |       |     1 |       ||     1
  Eat: Chunk             |     3 |     8 |    19 |    22 |    28 |    29 ||   109
       Ration            |       |       |       |       |     3 |     3 ||     6
Armor: Leather armour    |    25 |     3 |       |       |     6 |   139 ||   173
       Robe              |       |    25 |    87 |   120 |   181 |     1 ||   414
Dodge: Dodged            |    62 |    87 |   158 |   268 |   519 |   545 ||  1639
Block: Buckler           |       |       |    61 |   100 |   221 |   221 ||   603
